 Dungeon Crawl Stone Soup version 0.19.5 (webtiles) character file.

346741 SeanCanFly the Executioner (level 21, -5/203 HPs)
             Began as a Minotaur Berserker on May 3, 2017.
             Was a High Priest of Trog.
             Slain by an azure jelly (29 damage)
             ... on level 4 of the Pits of Slime.
             The game lasted 04:46:55 (46158 turns).

SeanCanFly the Executioner (Minotaur Berserker)    Turns: 46158, Time: 04:46:56

Health: -5/203     AC: 20    Str: 22    XL:     21   Next: 20%
Magic:  21/21      EV: 20    Int:  8    God:    Trog [*****.]
Gold:   2731       SH:  4    Dex: 17    Spells: 0 memorised, 20 levels left

rFire  + . .     SeeInvis .     h - +8 executioner's axe (chop)
rCold  . . .     Gourm    .     Y - +7 chain mail of the Soldier {Regen+ Dex+2}
rNeg   + + +     Faith    .     (shield currently unavailable)
rPois  .         Spirit   .     N - +2 hat
rElec  .         Reflect  +     d - +1 cloak
rCorr  .         Harm     .     c - +2 pair of gloves
MR     ++...                    J - +1 pair of boots {Fly}
Stlth  ..........               j - +4 amulet of reflection
                                E - ring of protection from magic
                                T - ring "Ysoc" {+Blink rF+ rN+++ Str-4 Int+3}

@: corroded, flying
A: retaliatory headbutt, horns 2, deterioration 1, low mp 1, screaming 1, wild
magic 1
a: Berserk, Trog's Hand, Brothers in Arms, Burn Spellbooks, Renounce Religion,
Evoke Blink, Stop Flying
}: 2/15 runes: decaying, serpentine


You were on level 4 of the Pits of Slime.
You worshipped Trog.
Trog was extremely pleased with you.
You were not hungry.

You visited 7 branches of the dungeon, and saw 40 of its levels.
You also visited: Sewer.

You collected 4566 gold pieces.
You spent 1835 gold pieces at shops.

Inventory:

Hand Weapons
 h - a +8 executioner's axe of chopping (weapon)
 l - the +6 executioner's axe "Bumocoph" {drain, *Noise rN+ Str+2}
   (You acquired it on level 8 of the Dungeon)

   A truly terrible weapon, it drains the life of those it strikes.
   It affects your strength (+2).
   It protects you from negative energy.
   It may make noises in combat.
 o - the +5 executioner's axe of Indignation {chop, *Noise +Fly Int+4}
   (Trog gifted it to you on level 4 of the Pits of Slime)

   It inflicts extra damage upon your enemies.
   It affects your intelligence (+4).
   It lets you fly.
   It may make noises in combat.
 L - a +0 triple crossbow of velocity
Armour
 c - a +2 pair of gloves (worn)
 d - a +1 cloak (worn)
 r - the +4 plate armour "Veckoh" {-Tele MR+ Int+2}
   (You bought it in a shop on level 3 of the Snake Pit)

   It affects your intelligence (+2).
   It affects your resistance to hostile enchantments.
   It prevents most forms of teleportation.
 J - a +1 pair of boots of flying (worn)
 N - a +2 hat (worn)
 P - a +2 plate armour of poison resistance
 Y - the +7 chain mail of the Soldier (worn) {Regen+ Dex+2}
   (You found it on level 1 of the Snake Pit)

   It affects your dexterity (+2).
   It increases your rate of regeneration.
Rods
 s - a +2 rod of ignition (11/11)
   (You found it on level 4 of the Snake Pit)
Jewellery
 j - a +4 amulet of reflection (around neck)
 k - an uncursed ring of poison resistance
 n - an uncursed ring of fire
 w - an uncursed ring of see invisible
 E - a ring of protection from magic (right hand)
 T - the ring "Ysoc" (left hand) {+Blink rF+ rN+++ Str-4 Int+3}
   (You found it on level 4 of the Vaults)

   [ring of intelligence]

   It affects your strength (-4).
   It affects your intelligence (+3).
   It protects you from fire.
   It renders you almost immune to negative energy.
   It lets you blink.
Wands
 M - a wand of teleportation (1/9)
Scrolls
 m - 2 scrolls of brand weapon
 t - 6 scrolls of teleportation
 u - 8 scrolls of recharging
 x - 6 scrolls of magic mapping
 y - 7 scrolls of fog
 C - 3 scrolls of fear
 D - 2 scrolls of blinking
 K - 2 scrolls of silence
 R - 5 scrolls of identify
 S - 18 scrolls of remove curse
Potions
 a - 2 potions of ambrosia {unknown}
 b - 3 potions of invisibility
 e - 22 potions of curing
 f - a potion of resistance
 p - 3 potions of cancellation
 v - 4 potions of haste
 z - 2 potions of agility
 A - 3 potions of magic
 B - 4 potions of mutation
 F - 6 potions of brilliance
 G - 3 potions of flight
 I - 3 potions of berserk rage
 U - 5 potions of lignification
 W - 3 potions of cure mutation
Comestibles
 g - 3 beef jerkies
 q - a bread ration
 O - 2 slices of pizza
 X - a royal jelly


   Skills:
 * Level 20.8 Fighting
 - Level 26.0 Axes
 + Level 17.9 Armour
 + Level 19.0 Dodging
 - Level 5.2 Evocations


You had 20 spell levels left.
You didn't know any spells.

Dungeon Overview and Level Annotations

Branches:
Dungeon (15/15)            Temple (0/1) D:6            Lair (6/6) D:9
  Swamp (4/4) Lair:2        Snake (4/4) Lair:2        Slime (5/5) Lair:6
    Orc (2/2) D:10            Elf (0/3) Orc:2        Vaults (4/5) D:13
  Crypt (0/3) Vaults:2     Depths (0/5) D:15

Altars:
Ashenzari
Makhleb
Qazlal
Ru
Trog
Yredelemnul
Zin
Beogh
Jiyva

Shops:
D:8 ???*}   Orc:2 ([*:   Snake:2 :   Snake:3 [   Vaults:4 }

Portals:
Trove: D:10 (give 16 potions of curing)

Annotations:
Lair:5 exclusion: ice statue


Innate Abilities, Weirdness & Mutations

You reflexively headbutt those who attack you in melee.
You have a pair of horns on your head.
Your body sometimes deteriorates upon taking damage.
Your magical capacity is low. (-10% MP)
You occasionally shout uncontrollably at your foes.
Your spells are a little harder to cast, but a little more powerful.


Message History

The azure jelly hits you but does no damage.
The azure jelly hits you. The azure jelly freezes you!!!
* * * LOW HITPOINT WARNING * * *
The azure jelly hits you but does no damage.
The azure jelly closely misses you. The acid blob spits acid at you.
The splash of acid hits you! The acid corrodes you!
You are splashed with acid!
The acid burns!
* * * LOW HITPOINT WARNING * * *
The azure jelly hits you but does no damage.
You block the azure jelly's attack.
The azure jelly hits you but does no damage.
You block the azure jelly's attack. The acid blob hits you!
* * * LOW HITPOINT WARNING * * *
You are splashed with acid!
The acid burns!
* * * LOW HITPOINT WARNING * * *
You feel much better. The azure jelly hits you.
* * * LOW HITPOINT WARNING * * *
The azure jelly freezes you!!
You die...

## ## #### ####
#.##.####..##.#.##
.......#..JJ.....#
..........@.....# #
..........JJ....#.#
.........#.........
.........#........#
..#..........### #..
# #..........# ..<.
###...........#
....##.##.........#.#
....................


You could see 2 acid blobs and 2 azure jellies.

Vanquished Creatures
  A golden dragon (Vaults:4)
  Jorgrun (Vaults:3)
  Asterion (Snake:4)
  A titan (Vaults:4)
  The ghost of Twins00 the Executioner, an adept MiFi of Okawaru (Swamp:3)
  5 acid blobs
  2 shadow dragons (Vaults:4)
  3 sphinxes
  Gastronok (D:8)
  The ghost of Sin92 the Severer, an adept MiFi of Okawaru (Orc:2)
  Roxanne (D:14)
  2 tengu reavers
  2 thorn hunters
  The ghost of Morgon the Severer, a journeyman HOCK of Xom (Swamp:3)
  3 fire giants
  9 nagarajas
  The ghost of cheese the Bludgeoner, an adept FoFi of Okawaru (D:15)
  4 azure jellies (Slime:4)
  13 vault wardens
  4 orc warlords
  A deep elf sorcerer (Vaults:2)
  2 frost giants (Vaults:4)
  Aizul (Snake:4)
  13 ironheart preservers
  6 stone giants
  A dire elephant (Lair:2)
  2 entropy weavers
  A deep elf annihilator (Vaults:4)
  3 ettins
  The ghost of Renzlar the Carver, a journeyman VSFi of Cheibriados (Orc:2)
  2 deep elf death magi
  Josephine (D:15)
  3 fire dragons
  4 great orbs of eyes
  4 death oozes
  3 rakshasas
  6 yaktaur captains
  14 hydras
  10 vault guards
  17 naga warriors
  6 ice dragons
  2 ghost crabs
  11 ogre magi
  7 anacondas
  2 catoblepae
  8 centaur warriors
  3 dancing weapons
  7 alligators
  A death knight (D:9)
  2 deep troll shamans
  A vampire mage (Vaults:2)
  2 deep troll earth magi
  2 shock serpents
  18 naga sharpshooters
  An orc high priest (Orc:1)
  2 tengu warriors
  A deep elf knight (Vaults:2)
  A salamander mystic (Snake:3)
  10 skeletal warriors
  4 unseen horrors
  2 shadow wraiths
  11 deep trolls
  3 spriggan druids
  3 swamp dragons
  4 wizards
  5 naga ritualists
  A shambling mangrove (Swamp:3)
  5 deep elf archers
  2 glowing orange brains
  12 ironbrand convokers
  5 harpies
  A lindwurm (Lair:6)
  2 necromancers (Vaults:1)
  2 phantasmal warriors
  19 orc knights
  9 hill giants
  14 mana vipers
  2 wolf spiders
  18 ugly things
  17 deep elf magi
  4 orc sorcerers
  2 shining eyes
  5 manticores
  A shining eye (shapeshifter) (Vaults:1)
  A cyclops (shapeshifter) (Vaults:4)
  A faun (shapeshifter) (Vaults:4)
  3 centaur zombies
  10 salamanders
  Maurice (Orc:1)
  9 cyclopes
  38 black mambas
  16 naga magi
  An elephant (shapeshifter) (D:15)
  18 elephants
  A frost giant skeleton (Vaults:1)
  A guardian serpent (Snake:1)
  3 eyes of devastation
  11 vault sentinels
  3 gargoyles
  A spiny frog (shapeshifter) (Vaults:1)
  13 spiny frogs
  An eye of devastation (shapeshifter) (Vaults:2)
  A kobold demonologist (D:14)
  4 komodo dragons
  13 freezing wraiths
  A tengu conjurer (D:15)
  35 yaktaurs
  A queen bee (shapeshifter) (Vaults:4)
  11 polar bears
  8 trolls
  A hornet (shapeshifter) (Vaults:3)
  A troll (shapeshifter) (Vaults:3)
  A raiju (shapeshifter) (Vaults:2)
  5 tyrant leeches
  8 hornets
  13 two-headed ogres
  8 bog bodies
  81 slime creatures
  A fire giant simulacrum (Vaults:3)
  21 blink frogs
  6 hippogriffs
  A stone giant simulacrum (Vaults:1)
  5 dream sheep (Lair:5)
  14 spriggans
  4 shadows
  The ghost of korthal the Cudgeler, an amateur OgGl (D:3)
  A redback (Lair:6)
  4 wyverns
  3 vampires
  Eustachio (D:6)
  A tarantella (shapeshifter) (Vaults:4)
  A tarantella (Vaults:3)
  3 wraiths (D:15)
  A fire bat (shapeshifter) (Vaults:3)
  34 yaks
  A human (D:7)
  A hog (shapeshifter) (Vaults:3)
  A basilisk (Lair:1)
  4 swamp worm simulacra (Swamp:4)
  4 hogs (D:7)
  4 golden eyes
  A steam dragon (D:10)
  13 vampire mosquitoes
  2 hungry ghosts
  Menkaure (D:6)
  16 swamp worms
  17 wargs
  2 mottled dragons
  16 insubstantial wisps
  51 nagas
  2 soldier ants (D:13)
  5 hydra simulacra (Swamp:4)
  An elf skeleton (Vaults:1)
  Duvessa (D:6)
  An ogre skeleton (Vaults:1)
  6 water moccasins
  9 porcupines
  2 hell hounds (D:9)
  55 orc warriors
  9 swamp drakes
  4 black bears
  An eye of draining (shapeshifter) (Vaults:3)
  A black bear (shapeshifter) (Vaults:2)
  7 eyes of draining
  A hornet zombie (D:10)
  12 ice beasts
  3 sky beasts
  5 boggarts
  5 phantoms
  48 ogres
  32 wolves
  17 centaurs
  9 crocodiles
  4 big kobolds
  Blork the orc (Orc:2)
  A wyvern zombie (D:10)
  27 bullfrogs
  Dowan (D:6)
  A glowing shapeshifter simulacrum (Vaults:3)
  A wyvern skeleton (D:12)
  3 scorpions
  A water moccasin skeleton (D:9)
  An orc simulacrum (Vaults:1)
  20 killer bees
  3 howler monkeys
  12 wights
  5 jellies
  5 crimson imps
  2 quasits
  3 bullfrog zombies
  A jelly (shapeshifter) (D:14)
  6 centaur skeletons
  30 orc priests
  43 orc wizards
  4 bullfrog skeletons
  9 hounds
  An iguana (D:11)
  6 worker ants
  A hound zombie (D:7)
  A howler monkey skeleton (D:7)
  17 adders
  3 gnolls (Orc:2)
  A river rat (Sewer)
  5 shadow imps
  2 white imps (Lair:5)
  2 oozes
  4 swamp drake simulacra (Swamp:4)
  3 adder skeletons
  7 worms
  A dart slug (D:2)
  2 leopard geckos
  114 orcs
  10 ball pythons
  15 bats
  4 giant cockroaches
  9 goblins
  5 hobgoblins
  4 jackals
  3 quokkas
  6 frilled lizards
  28 kobolds
  13 rats
  A bush (Lair:5)
  7 fungi
  7 plants
1654 creatures vanquished.

Vanquished Creatures (collateral kills)
  the Royal Jelly (Slime:5)
  Bai Suzhen (Vaults:2)
  An azure jelly (Swamp:4)
  A vault warden (Vaults:1)
  A stone giant (Vaults:4)
  An ettin (Vaults:4)
  A yaktaur captain (Vaults:4)
  An ice dragon (Swamp:4)
  2 vault guards
  A deep troll earth mage (Vaults:2)
  A deep elf knight (Vaults:1)
  A deep troll (Vaults:2)
  A deep elf archer (Vaults:2)
  An orc knight (Vaults:1)
  2 deep elf magi
  An orc sorcerer (Orc:2)
  A cyclops (Vaults:1)
  A vault sentinel (Vaults:4)
  A slime creature (Vaults:2)
  3 redbacks (Vaults:3)
  A warg (Orc:1)
  10 hydra simulacra (Swamp:4)
  5 orc warriors
  An ogre (Vaults:4)
  An orc priest (Orc:1)
  2 orc wizards
  2 orcs (Vaults:4)
46 creatures vanquished.

Vanquished Creatures (others)
  An unseen horror (D:15)
  A crimson imp (D:6)
  An orc wizard (Orc:2)
  An orc (Vaults:2)
  A kobold (D:14)
  13 fungi
  10 plants
28 creatures vanquished.

Grand Total: 1728 creatures vanquished

Notes
Turn   | Place    | Note
-------+----------+-------------------------------------------
     0 | D:1      | SeanCanFly the Minotaur Berserker began the quest for the Orb.
     0 | D:1      | Reached XP level 1. HP: 19/19 MP: 0/0
   157 | D:1      | Reached XP level 2. HP: 15/27 MP: 1/1
   636 | D:1      | Reached skill level 4 in Axes
  1289 | D:2      | Reached XP level 3. HP: 32/33 MP: 2/2
  1301 | D:2      | Found a bloodstained altar of Trog.
  1634 | D:2      | Reached ** piety under Trog
  1972 | D:2      | Reached XP level 4. HP: 40/40 MP: 3/3
  2187 | D:2      | Reached skill level 5 in Axes
  2604 | D:3      | Noticed korthal's ghost (amateur OgGl)
  2619 | D:3      | Killed korthal's ghost
  2619 | D:3      | Reached skill level 5 in Fighting
  2619 | D:3      | Reached XP level 5. HP: 15/48 MP: 4/4
  2619 | D:3      | Reached XP level 6. HP: 17/56 MP: 5/5
  3114 | D:3      | Reached skill level 6 in Axes
  3298 | D:3      | Found a burning altar of Makhleb.
  3298 | D:3      | Found a shattered altar of Ashenzari.
  3753 | D:4      | Reached XP level 7. HP: 61/61 MP: 6/6
  3795 | D:4      | Reached skill level 7 in Axes
  3832 | D:4      | Reached skill level 5 in Armour
  3908 | D:4      | Reached *** piety under Trog
  4262 | D:5      | Entered Level 5 of the Dungeon
  4413 | D:5      | Found a glowing drain.
  4426 | Sewer    | Entered a sewer
  4698 | Sewer    | Reached **** piety under Trog
  4698 | Sewer    | Reached skill level 8 in Axes
  4730 | Sewer    | Reached skill level 5 in Dodging
  4730 | Sewer    | Reached XP level 8. HP: 64/70 MP: 7/7
  5211 | D:5      | Reached skill level 9 in Axes
  5797 | D:6      | Found a staircase to the Ecumenical Temple.
  6007 | D:6      | Got a jewelled war axe
  6008 | D:6      | Identified the +12 war axe of the Fifty Songs {elec, Str+4} (You found it on level 6 of the Dungeon)
  6043 | D:6      | Reached XP level 9. HP: 75/79 MP: 8/8
  6077 | D:6      | Noticed Eustachio
  6095 | D:6      | Killed Eustachio
  6095 | D:6      | Reached skill level 10 in Axes
  6139 | D:6      | Noticed Menkaure
  6141 | D:6      | Killed Menkaure
  6229 | D:6      | Found a stormy altar of Qazlal.
  6394 | D:6      | Noticed Duvessa
  6395 | D:6      | Noticed Dowan
  6401 | D:6      | Killed Duvessa
  6412 | D:6      | Killed Dowan
  6943 | D:7      | Received a gift from Trog
  7017 | D:7      | Found a basalt altar of Yredelemnul.
  7132 | D:7      | Reached skill level 11 in Axes
  7420 | D:7      | Reached XP level 10. HP: 90/90 MP: 9/9
  7491 | D:8      | Noticed Gastronok
  7509 | D:8      | Killed Gastronok
  7509 | D:8      | Reached skill level 12 in Axes
  7762 | D:8      | Found Orest's General Store.
  7766 | D:8      | Bought a potion of heal wounds for 65 gold pieces
  7766 | D:8      | Bought a scroll of identify for 26 gold pieces
  7777 | D:8      | Identified a scroll of acquirement
  7782 | D:8      | Got a fine executioner's axe
  7786 | D:8      | Identified the +6 executioner's axe "Bumocoph" {drain, *Noise rN+ Str+2} (You acquired it on level 8 of the Dungeon)
  7904 | D:8      | Found Likaot's Magic Scroll Emporium.
  7920 | D:8      | Bought a scroll of enchant weapon for 97 gold pieces
  8008 | D:8      | Found Qery's Magic Scroll Emporium.
  8123 | D:8      | Found Niamm's Gadget Boutique.
  8157 | D:8      | Found Cefaiqic's Magic Scroll Emporium.
  8323 | D:9      | Noticed a manticore
  8326 | D:9      | Killed a manticore
  8329 | D:9      | Noticed a death knight
  8331 | D:9      | Reached ***** piety under Trog
  8336 | D:9      | Killed a death knight
  8336 | D:9      | Reached XP level 11. HP: 76/97 MP: 10/10
  8710 | D:9      | Found a staircase to the Lair.
  8715 | D:9      | Reached skill level 13 in Axes
  8792 | Lair:1   | Entered Level 1 of the Lair of Beasts
  8877 | Lair:1   | Reached skill level 10 in Fighting
  8878 | Lair:1   | Reached skill level 10 in Armour
  8881 | Lair:1   | Received a gift from Trog
  9796 | Lair:2   | Reached skill level 14 in Axes
  9834 | Lair:2   | Reached skill level 10 in Dodging
  9836 | Lair:2   | Reached XP level 12. HP: 110/110 MP: 11/11
  9850 | Lair:2   | Noticed a dire elephant
  9863 | Lair:2   | Killed a dire elephant
 10013 | Lair:2   | Found a staircase to the Snake Pit.
 10033 | Lair:2   | Noticed a four-headed hydra
 10045 | Lair:2   | Killed a seven-headed hydra
 10203 | Lair:2   | Received a gift from Trog
 10239 | Lair:2   | Reached skill level 15 in Axes
 10351 | Lair:2   | Found a staircase to the Swamp.
 10656 | Lair:2   | Noticed a six-headed hydra
 10664 | Lair:2   | Killed a nine-headed hydra
 13038 | Lair:5   | Reached skill level 16 in Axes
 13040 | Lair:5   | Reached XP level 13. HP: 71/118 MP: 12/12
 14139 | Lair:6   | Entered Level 6 of the Lair of Beasts
 14685 | Lair:6   | Reached skill level 17 in Axes
 15228 | Lair:6   | Reached ****** piety under Trog
 15346 | Lair:6   | Got a serpentine lapis lazuli ring
 15348 | Lair:6   | Identified the ring "Nofulun" {rPois Stlth-} (You found it on level 6 of the Lair of Beasts)
 15750 | Lair:6   | Found a runed door.
 15750 | Lair:6   | Found a viscous altar of Jiyva.
 15751 | Lair:6   | Found a staircase to the Slime Pits.
 15751 | Lair:6   | Noticed an acid blob
 15759 | Lair:6   | Killed an acid blob
 15760 | Lair:6   | Reached XP level 14. HP: 87/129 MP: 13/13
 16574 | D:10     | Entered Level 10 of the Dungeon
 16609 | D:10     | Found a glowing silver altar of Zin.
 16643 | D:10     | Received a gift from Trog
 16755 | D:10     | Found a staircase to the Orcish Mines.
 16770 | D:10     | Found a roughly hewn altar of Beogh.
 17272 | D:10     | Found a portal to a secret trove of treasure.
 17739 | Orc:1    | Entered Level 1 of the Orcish Mines
 17833 | Orc:2    | Entered Level 2 of the Orcish Mines
 17834 | Orc:2    | Noticed Maurice
 17845 | Orc:1    | Killed Maurice
 18634 | Orc:2    | Noticed Sin92's ghost (adept MiFi)
 18952 | Orc:2    | Killed Sin92's ghost
 18952 | Orc:2    | Reached skill level 18 in Axes
 19096 | Orc:2    | Found a staircase to the Elven Halls.
 19132 | Orc:2    | Noticed Renzlar's ghost (journeyman VSFi)
 19174 | Orc:2    | Killed Renzlar's ghost
 19597 | Orc:2    | Gained mutation: Your spells are a little harder to cast, but a little more powerful. [potion of beneficial mutation]
 20183 | Orc:2    | Noticed an orc warlord
 20237 | Orc:1    | Killed an orc warlord
 20619 | Orc:2    | Noticed Blork the orc
 20627 | Orc:2    | Killed Blork the orc
 20655 | Orc:2    | Found a roughly hewn altar of Beogh.
 20812 | Orc:1    | Received a gift from Trog
 21009 | Orc:2    | Found Lann's Antique Armour Boutique.
 21025 | Orc:2    | Found Wydwobbe's Book Boutique.
 21040 | Orc:2    | Found Reiv's General Store.
 21059 | Orc:2    | Bought a scroll of identify for 26 gold pieces
 21059 | Orc:2    | Bought a scroll of identify for 26 gold pieces
 21103 | Orc:2    | Found Damok's Antique Weapon Boutique.
 21142 | Orc:2    | Bought a pair of runed gloves for 304 gold pieces
 21142 | Orc:2    | Bought a pair of embroidered gloves for 304 gold pieces
 21594 | Orc:1    | Noticed an orc warlord
 21678 | Orc:1    | Killed an orc warlord
 21752 | Orc:1    | Noticed an orc warlord
 21808 | Orc:2    | Killed an orc warlord
 22144 | Orc:1    | Found a roughly hewn altar of Beogh.
 22152 | Orc:1    | Received a gift from Trog
 22404 | Orc:1    | Noticed an orc warlord
 22417 | Orc:2    | Killed an orc warlord
 22546 | Orc:1    | Noticed a stone giant
 22550 | Orc:1    | Killed a stone giant
 22706 | D:11     | Reached XP level 15. HP: 134/138 MP: 14/14
 22726 | D:11     | Found a sacrificial altar of Ru.
 23093 | D:11     | Reached skill level 19 in Axes
 23424 | D:12     | Received a gift from Trog
 24268 | D:13     | Found a gate to the Vaults.
 25347 | D:14     | Noticed Roxanne
 25368 | D:14     | Killed Roxanne
 25487 | D:14     | Received a gift from Trog
 25493 | D:14     | Got a crude fustibalus {god gift}
 25534 | D:14     | Reached skill level 15 in Armour
 26019 | D:14     | Reached skill level 15 in Fighting
 26658 | D:15     | Entered Level 15 of the Dungeon
 26704 | D:14     | Reached skill level 20 in Axes
 27132 | D:15     | Noticed cheese's ghost (adept FoFi)
 27158 | D:15     | Killed cheese's ghost
 27512 | D:15     | Reached XP level 16. HP: 98/149 MP: 15/15
 27516 | D:15     | Received a gift from Trog
 27760 | D:15     | Found a staircase to the Depths.
 27816 | D:15     | Noticed Josephine
 27823 | D:15     | Killed Josephine
 28238 | Swamp:1  | Entered Level 1 of the Swamp
 29017 | Swamp:2  | Received a gift from Trog
 29762 | Swamp:3  | Noticed Morgon's ghost (journeyman HOCK)
 29784 | Swamp:3  | Killed Morgon's ghost
 30181 | Swamp:3  | Reached skill level 21 in Axes
 30239 | Swamp:3  | Noticed Twins00's ghost (adept MiFi)
 30730 | Swamp:3  | Killed Twins00's ghost
 31411 | Swamp:4  | Entered Level 4 of the Swamp
 31430 | Swamp:4  | Noticed a thorn hunter
 31517 | Swamp:3  | Received a gift from Trog
 31556 | Swamp:3  | Killed a thorn hunter
 32080 | Swamp:4  | Noticed a thorn hunter
 32090 | Swamp:4  | Killed a thorn hunter
 32797 | Swamp:4  | Reached skill level 15 in Dodging
 32822 | Swamp:4  | Got a decaying rune of Zot
 33029 | Snake:1  | Entered Level 1 of the Snake Pit
 33037 | Snake:1  | Reached XP level 17. HP: 158/158 MP: 16/16
 33121 | Snake:1  | Got a jewelled chain mail
 33142 | Snake:1  | Identified the +7 chain mail of the Soldier {Regen+ Dex+2} (You found it on level 1 of the Snake Pit)
 33167 | Snake:1  | Received a gift from Trog
 33887 | Snake:1  | Reached skill level 22 in Axes
 34012 | Snake:2  | Found Ranuats's Book Boutique.
 34829 | Snake:3  | Received a gift from Trog
 35105 | Snake:3  | Found Ydymif's Antique Armour Emporium.
 35113 | Snake:3  | Bought a faintly glowing plate armour for 728 gold pieces
 35113 | Snake:3  | Identified the +4 plate armour "Veckoh" {-Tele MR+ Int+2} (You bought it in a shop on level 3 of the Snake Pit)
 35348 | Snake:4  | Entered Level 4 of the Snake Pit
 35550 | Snake:4  | Noticed Aizul
 35560 | Snake:4  | Killed Aizul
 36202 | Snake:4  | Noticed Asterion
 36241 | Snake:4  | Killed Asterion
 36241 | Snake:4  | Reached XP level 18. HP: 170/170 MP: 17/17
 36277 | Snake:4  | Received a gift from Trog
 36486 | Snake:4  | Reached skill level 23 in Axes
 37419 | Snake:4  | Got a serpentine rune of Zot
 37687 | D:8      | Bought 3 scrolls of magic mapping for 136 gold pieces
 37687 | D:8      | Bought a scroll of identify for 26 gold pieces
 37687 | D:8      | Bought a scroll of enchant weapon for 97 gold pieces
 37852 | Vaults:1 | Entered Level 1 of the Vaults
 38110 | Vaults:1 | Gained mutation: Your magical capacity is low. (-10% MP) [a shining eye]
 38111 | Vaults:1 | Gained mutation: You occasionally shout uncontrollably at your foes. [a shining eye]
 38544 | Vaults:1 | Received a gift from Trog
 38899 | Vaults:1 | Reached skill level 24 in Axes
 39459 | Vaults:2 | Reached XP level 19. HP: 180/180 MP: 16/16
 39470 | Vaults:2 | Received a gift from Trog
 39757 | Vaults:2 | Received a gift from Trog
 39901 | Vaults:2 | Found a staircase to the Crypt.
 40417 | Vaults:2 | Noticed Bai Suzhen
 40432 | Vaults:2 | Killed Bai Suzhen
 40704 | Vaults:2 | Received a gift from Trog
 41283 | Vaults:2 | Reached skill level 25 in Axes
 41340 | Vaults:2 | Received a gift from Trog
 41348 | Vaults:2 | Got a shimmering broad axe {god gift}
 41604 | Vaults:3 | Noticed Jorgrun
 41611 | Vaults:3 | Killed Jorgrun
 41965 | Vaults:3 | Received a gift from Trog
 41978 | Vaults:3 | Reached XP level 20. HP: 188/191 MP: 17/17
 43323 | Vaults:4 | Noticed a golden dragon
 43325 | Vaults:4 | Received a gift from Trog
 43341 | Vaults:4 | Killed a golden dragon
 43380 | Vaults:4 | Reached skill level 26 in Axes
 43535 | Vaults:4 | Got a scintillating bone ring
 43545 | Vaults:4 | Identified the ring "Ysoc" {+Blink rF+ rN+++ Str-4 Int+3} (You found it on level 4 of the Vaults)
 43560 | Vaults:4 | Reached skill level 1 in Evocations
 44132 | Vaults:4 | Found Suvustem's Gadget Boutique.
 44444 | Vaults:4 | Received a gift from Trog
 45568 | Slime:1  | Entered Level 1 of the Pits of Slime
 45618 | Slime:1  | Reached skill level 5 in Evocations
 45717 | Slime:3  | Reached XP level 21. HP: 198/202 MP: 21/21
 45875 | Slime:5  | Entered Level 5 of the Pits of Slime
 45964 | Slime:4  | Received a gift from Trog
 45969 | Slime:4  | Gained mutation: Your body sometimes deteriorates upon taking damage. [a shining eye]
 45971 | Slime:4  | Got a brightly glowing executioner's axe {god gift}
 45972 | Slime:4  | Identified the +5 executioner's axe of Indignation {chop, *Noise +Fly Int+4} (Trog gifted it to you on level 4 of the Pits of Slime)
 45983 | Slime:5  | Noticed the Royal Jelly
 45992 | Slime:5  | Killed the Royal Jelly
 46157 | Slime:4  | HP: 9/203 [acid blob[the Royal Jelly] (9)]
 46157 | Slime:4  | HP: 2/203 [acid[the Royal Jelly] (7)]
 46158 | Slime:4  | Slain by an azure jelly

Skill      XL: |  1  2  3  4  5  6  7  8  9 10 11 12 13 14 15 16 17 18 19 20 21 |
---------------+----------------------------------------------------------------+-----
Axes           | 4 5 6 8 9 11 12 14 16 17 18 20 21 22 24 25 26 | 26.0
Fighting       | 4 5 6 7 8 9 11 12 13 14 15 16 17 18 19 20 | 20.8
Armour         | 3 4 5 6 8 9 10 12 13 14 15 16 17 | 17.9
Dodging        | 3 5 7 8 10 11 12 13 14 15 17 18 19 | 19.0
Evocations     | 5 |  5.2

Action                   |  1- 3 |  4- 6 |  7- 9 | 10-12 | 13-15 | 16-18 | 19-21 || total
-------------------------+-------+-------+-------+-------+-------+-------+-------++-------
Melee: Hand axe          |    79 |    55 |       |       |       |       |       ||   134
       Headbutt          |     3 |    11 |    56 |    70 |   246 |   328 |   226 ||   940
       War axe           |       |    22 |   315 |    17 |       |       |       ||   354
       Executioner's axe |       |       |       |   252 |  1042 |  1227 |   805 ||  3326
Invok: Berserk           |       |     2 |     1 |     4 |    23 |    17 |     7 ||    54
       Trog's Hand       |       |       |     4 |     1 |    15 |     7 |    11 ||    38
       Burn Spellbooks   |       |       |       |     5 |     3 |     4 |     3 ||    15
       Brothers in Arms  |       |       |       |       |     5 |     7 |    11 ||    23
 Abil: Evoke Blink       |       |       |       |       |       |       |     1 ||     1
Evoke: Wand              |       |       |       |       |       |     1 |       ||     1
  Use: Scroll            |       |     7 |     1 |    18 |    22 |    18 |     5 ||    71
       Potion            |       |       |       |     1 |    10 |     8 |     1 ||    20
 Stab: Sleeping          |     1 |       |       |       |       |       |       ||     1
       Petrified         |       |       |       |       |     2 |       |       ||     2
       Distracted        |       |       |       |       |       |     2 |     2 ||     4
  Eat: Bread ration      |     1 |     1 |       |       |     8 |     5 |     5 ||    20
       Royal jelly       |       |     1 |       |       |       |     1 |       ||     2
       Fruit             |       |       |    16 |     6 |     5 |     3 |    12 ||    42
       Chunk             |       |       |     2 |     1 |       |    14 |     1 ||    18
       Pizza             |       |       |       |     6 |     7 |     3 |       ||    16
       Meat ration       |       |       |       |     2 |     5 |     2 |     1 ||    10
       Beef jerky        |       |       |       |       |     3 |     1 |       ||     4
Armor: Animal skin       |    22 |       |       |       |       |       |       ||    22
       Leather armour    |     2 |    23 |       |       |       |       |       ||    25
       Chain mail        |       |    10 |   128 |   190 |   585 |   609 |   321 ||  1843
Dodge: Dodged            |    68 |    40 |    83 |   266 |   982 |   955 |   544 ||  2938
Block: Shield            |       |     9 |   110 |     6 |       |       |       ||   125
       Other             |       |       |       |       |       |   217 |   112 ||   329
       Reflection        |       |       |       |       |       |    26 |     9 ||    35
